 Dungeon Crawl Stone Soup version 0.31-a0-161-gb58dd9be76 (webtiles) character file.

Game seed: 3005570865775636803

52 qw the Shooter (level 3, 0/32 HPs)
             Began as a Naga Hunter on June 12, 2023.
             Slain by a hobgoblin (2 damage)
             ... led by Robin
             ... on level 2 of the Dungeon.
             The game lasted 00:00:21 (961 turns).

qw the Shooter (Naga Hunter)                         Turns: 961, Time: 00:00:21

Health: 0/32       AC:  2    Str: 13    XL:     3   Next: 85%
Magic:  3/3        EV:  9    Int:  9    God:
Gold:   13         SH:  0    Dex: 16    Spells: 2/2 levels left

rFire   . . .        Y - +0 shortbow
rCold   . . .        (shield currently unavailable)
rNeg    . . .        c - +0 leather armour
rPois   +            (no helmet)
rElec   .            (no cloak)
rCorr   .            (no gloves)
SInv    +            (no barding)
Will    .....        (no amulet)
Stlth   ++           (no ring)
HPRegen 0.25/turn    (no ring)
MPRegen 0.08/turn

%: no passive effects
@: short of breath, very slow
A: AC +1, large, see invisible, deformed body, poison resistance, slowness 2,
spit poison 1, naga tail 1
a: Spit Poison


You were on level 2 of the Dungeon.
You visited 1 branch of the dungeon, and saw 2 of its levels.

You collected 49 gold pieces.
You spent 36 gold pieces at shops.


Innate Abilities, Weirdness & Mutations

Your serpentine skin is tough. (AC +1)
You have supernaturally acute eyesight. (SInv)
Armour fits poorly on your strangely shaped body.
Your system is resistant to poisons. (rPois)
You cover ground very slowly.
You can spit poison.
You have a snake-like lower body.


   Skills:
 - Level 2.0 Fighting
 + Level 4.9 Ranged Weapons
 - Level 1.5 Dodging
 - Level 1.5 Stealth


You had 2 spell levels left.
You didn't know any spells.
Your spell library was empty.

Inventory:

Hand Weapons
 Y - a +0 shortbow (weapon)
Armour
 c - a +0 leather armour (worn)
Potions
 a - 2 potions of curing
 e - a potion of mutation {unknown}

Dungeon Overview and Level Annotations

Branches:
Dungeon (2/15)

Altars:

Shops:
D:1 !


Message History

Robin throws the goblin at you!
You shoot an arrow. The goblin shouts!
The arrow hits the goblin!
You kill the goblin!
You have got your breath back.
Robin throws the goblin at you!
956 ||| INVOKING Spit Poison.
Aiming: Spit Poison (2% risk of failure)
Press: ? - help, Shift-Dir - straight line, f - goblin The splash of poison misses the goblin.
Robin drinks a potion.
Robin is healed!
The goblin hits you with a +0 club.
A goblin comes into view. It is wielding a +0 club.
You shoot an arrow. The arrow barely misses the goblin.
The goblin hits you but does no damage. The goblin hits you with a +0 club.
You shoot an arrow. The arrow hits Robin.
Robin is heavily wounded.
Robin looks more healthy.
The goblin no longer looks unusually strong.
The goblin hits you with a +0 club.
Robin roars a battlecry!
The goblin goes into a battle-frenzy!
You hear a shout!
You shoot an arrow. The arrow hits Robin!
You kill Robin!
You have got your breath back.
You hear an angry hiss.
The hobgoblin no longer looks unusually strong.
The goblin hits you with a +0 club. x2
960 ||| INVOKING Spit Poison.
Aiming: Spit Poison (2% risk of failure)
Press: ? - help, Shift-Dir - straight line, f - goblin The splash of poison hits the goblin!
The goblin is poisoned.
You kill the goblin!
The goblin hits you with a +0 club. x2
You shoot an arrow. The arrow closely misses the hobgoblin.
The arrow closely misses the goblin.
The goblin completely misses you. The goblin hits you with a +0 club.
The hobgoblin hits you.
You die...

#.# # #.#
#.###.#
#...#.# #...##
### ###..###
..#####
#......#
#...).#
#.####g##
#..##.# #.#
#@.# ....#.#
#.# #gg.#
....#.#. #.#
#..g# ........
#.# #....#
......#.# #.#
###....
....#######.##
.[...
.............#
.....)
.#..#######..#
...#.# .....#
#..#


You could see a hobgoblin and 3 goblins.

Vanquished Creatures
  Robin (D:2)
  An adder (D:2)
  2 bats (D:1)
  4 endoplasms (D:1)
  2 giant cockroaches
  5 goblins
  A hobgoblin (D:2)
  3 jackals (D:1)
  2 kobolds (D:1)
  A quokka (D:1)
  3 ball pythons (D:1)
  2 frilled lizards (D:1)
  2 rats (D:1)
29 creatures vanquished.

Notes
Turn   | Place    | Note
-------+----------+-------------------------------------------
     0 | D:1      | qw the Naga Hunter began the quest for the Orb.
     0 | D:1      | Reached XP level 1. HP: 19/19 MP: 1/1
     0 | D:1      | 0 ||| qw: Version: 0.2-a-29-gc1b59c4
     0 | D:1      | 0 ||| qw: Game counter: 4265
     0 | D:1      | 0 ||| qw: Always use a shield: true
     0 | D:1      | 0 ||| qw: God list: Okawaru
     0 | D:1      | 0 ||| qw: Allow faded altars: false
     0 | D:1      | 0 ||| qw: Do Orc after D:15 true
     0 | D:1      | 0 ||| qw: Do second Lair branch before Depths: true
     0 | D:1      | 0 ||| qw: Lair rune preference: random
     0 | D:1      | 0 ||| qw: Plans: Normal
     0 | D:1      | 0 ||| PLANNING D:1-11
    34 | D:1      | 34 ||| INVOKING Spit Poison.
   147 | D:1      | 147 ||| READING scroll labelled BAHAUQ QIXTONY.
   155 | D:1      | 155 ||| INVOKING Spit Poison.
   158 | D:1      | Reached skill level 4 in Ranged Weapons
   158 | D:1      | Reached XP level 2. HP: 22/26 MP: 2/2
   176 | D:1      | Found a faded altar of an unknown god.
   183 | D:1      | 183 ||| INVOKING Spit Poison.
   218 | D:1      | 218 ||| INVOKING Spit Poison.
   243 | D:1      | 243 ||| INVOKING Spit Poison.
   249 | D:1      | 249 ||| INVOKING Spit Poison.
   297 | D:1      | 297 ||| INVOKING Spit Poison.
   304 | D:1      | 304 ||| INVOKING Spit Poison.
   507 | D:1      | 507 ||| INVOKING Spit Poison.
   528 | D:1      | Found Qempan's Distillery.
   535 | D:1      | 535 ||| SHOPLISTING 2 potions of haste (240 gold, have 49).
   535 | D:1      | 535 ||| SHOPLISTING 2 potions of mutation (192 gold, have
                  | 49).
   535 | D:1      | 535 ||| BUYING potion of curing (36 gold).
   535 | D:1      | Bought a potion of curing for 36 gold pieces
   535 | D:1      | 535 ||| SHOPLISTING potion of haste (120 gold, have 13).
   535 | D:1      | 535 ||| SHOPLISTING potion of heal wounds (60 gold, have
                  | 13).
   535 | D:1      | 535 ||| SHOPLISTING potion of might (48 gold, have 13).
   553 | D:1      | 553 ||| INVOKING Spit Poison.
   554 | D:1      | Reached XP level 3. HP: 32/32 MP: 3/3
   583 | D:1      | 583 ||| INVOKING Spit Poison.
   786 | D:1      | 786 ||| DROPPING scroll of butterflies.
   925 | D:2      | 925 ||| INVOKING Spit Poison.
   930 | D:2      | 930 ||| INVOKING Spit Poison.
   946 | D:2      | Noticed Robin
   950 | D:2      | 950 ||| INVOKING Spit Poison.
   953 | D:2      | 953 ||| INVOKING Spit Poison.
   956 | D:2      | 956 ||| INVOKING Spit Poison.
   959 | D:2      | Killed Robin
   960 | D:2      | 960 ||| INVOKING Spit Poison.
   960 | D:2      | HP: 7/32 [goblin/+0 club[Robin] (6)]
   961 | D:2      | HP: 2/32 [goblin/+0 club[Robin] (5)]
   961 | D:2      | Slain by a hobgoblin

Levels and vault maps discovered:
D:1:      kennysheep_arrival_seaside, layout_loops_ring,
          dreamdust_ecumenical_altar_grove, serial_shops, shop
D:2:      layout_basic, uniq_robin

Skill      XL: |  1 |
---------------+----+-----
Ranged Weapons | 4 |  4.9
Fighting       | |  2.0
Dodging        | |  1.5
Stealth        | |  1.5

Action                     || total
---------------------------++-------
   Fire: Shortbow          ||    54
Ability: Spit Poison       ||    17
    Use: Scroll            ||     1
 Armour: Leather armour    ||     7
  Dodge: Dodged            ||     7

Table legend:
 A = Non-vault XP
 B = Vault XP
 C = Vault XP percentage of total XP
 D = Non-vault monster count
 E = Vault monster count
 F = Vault count percentage of total count
                 A         B        C        D         E       F
            +---------+---------+-------+---------+---------+-------
      Total |      52 |      23 |  30.7 |      24 |       5 |  17.2
            +---------+---------+-------+---------+---------+-------
        D:1 |      35 |       0 |   0.0 |      21 |       0 |   0.0
        D:2 |      17 |      23 |  57.5 |       3 |       5 |  62.5
            +---------+---------+-------+---------+---------+-------
